 Dungeon Crawl Stone Soup version 0.30.1 (webtiles) character file.

Game seed: 4099368553480144229

21 safid the Chiller (level 2, -1/21 HPs)
             Began as a Merfolk Ice Elementalist on July 12, 2023.
             Slain by an adder (4 damage)
             ... on level 2 of the Dungeon.
             The game lasted 00:00:42 (815 turns).

safid the Chiller (Merfolk Ice Elementalist)         Turns: 815, Time: 00:00:43

Health: -1/21      AC:  2    Str:  8    XL:     2   Next: 83%
Magic:  0/5        EV: 12    Int: 14    God:
Gold:   66         SH:  0    Dex: 14    Spells: 4/5 levels left

rFire   . . .        d - +3 dagger
rCold   . . .        (no shield)
rNeg    . . .        a - +0 robe
rPois   .            (no helmet)
rElec   .            (no cloak)
rCorr   .            (no gloves)
SInv    .            (no boots)
Will    .....        (no amulet)
Stlth   ++           (no ring)
HPRegen 0.23/turn    (no ring)
MPRegen 0.09/turn

%: no passive effects
@: brilliant, lethally poisoned (-1 -> -7)
A: (nimble swimmer 2), mertail
a: no special abilities


You were on level 2 of the Dungeon.
You visited 1 branch of the dungeon, and saw 2 of its levels.

You collected 66 gold pieces.

Inventory:

Hand Weapons
 d - a +3 dagger (weapon)
Armour
 a - a +0 robe (worn)
Scrolls
 c - a scroll of teleportation {unknown}
 e - a scroll of vulnerability {unknown}
Potions
 b - 2 potions of magic


   Skills:
 + Level 1.3 Fighting
 - Level 2.6 Dodging
 - Level 2.1 Stealth
 + Level 2.3 Spellcasting
 + Level 4.7 Ice Magic


You had 4 spell levels left.
You knew the following spells:

 Your Spells              Type           Power      Damage    Failure   Level
a - Freeze                Ice            88%        1d9       3%          1

Your spell library contained the following spells:

 Spells                   Type           Power      Damage    Failure   Level
 Frozen Ramparts          Ice            44%        1d7       10%         3
 Ozocubu's Armour         Ice            22%        N/A       10%         3
 Summon Ice Beast         Ice/Summ       12%        N/A       65%         4


Dungeon Overview and Level Annotations

Branches:
Dungeon (2/15)

Altars:


Innate Abilities, Weirdness & Mutations

((You are very nimble when in or above water. (Stealth+, EV+, Speed+++)))
Your lower body shifts to a powerful aquatic tail in water.


Message History

Aim: an adder (moderately wounded, slow)
You freeze the adder.
The adder is heavily wounded.
You feel sick. The adder bites you. The adder closely misses you.
Unknown command.
Casting: Freeze (safe; 3% risk of failure)
Confirm with . or Enter, or press ? or * to list all spells.
Aiming: Freeze (safe; 3% risk of failure)
Press: ? - help, Shift-Dir - straight line, f/p - adder
Aim: an adder (heavily wounded, slow)
You freeze the adder.
The adder is almost dead.
You feel sick.
The adder is no longer moving slowly.
The adder barely misses you. The adder closely misses you.
Casting: Freeze (safe; 3% risk of failure)
Confirm with . or Enter, or press ? or * to list all spells.
Aiming: Freeze (safe; 3% risk of failure)
Press: ? - help, Shift-Dir - straight line, f/p - adder
Aim: an adder (severely wounded)
You freeze the adder!
You kill the adder!
You feel sick. The adder closely misses you. The adder bites you.
You are more poisoned.
The adder poisons you!
Casting: Freeze (safe; 3% risk of failure)
Confirm with . or Enter, or press ? or * to list all spells.
You don't have enough magic to cast this spell.
Unknown command.
You hit the adder but do no damage. Your punch misses the adder.
You feel sick. The adder barely misses you.
You barely miss the adder.
You feel sick. The adder barely misses you.
You closely miss the adder.
You feel sick. The adder bites you.
* * * LOW HITPOINT WARNING * * *
You are lethally poisoned!
The adder poisons you!
It was a potion of brilliance.
You feel clever all of a sudden.
* * * LOW HITPOINT WARNING * * *
You feel sick. The adder bites you.
You die...

####### ###.....###
###.........###
#....†@.......####
......S...........#
......#######.#.#.#
..###.........#...#
# #..######..#.###
##............#
............######
......†...#......#
....####....####


You could see an adder.

Vanquished Creatures
  An adder (D:2)
  A dart slug (D:1)
  2 bats (D:1)
  A goblin (D:1)
  2 kobolds (D:1)
  A quokka (D:2)
  A rat (D:1)
9 creatures vanquished.

Notes
Turn   | Place    | Note
-------+----------+-------------------------------------------
     0 | D:1      | safid the Merfolk Ice Elementalist began the quest for the
                  | Orb.
     0 | D:1      | Reached XP level 1. HP: 13/13 MP: 3/3
   539 | D:1      | Reached XP level 2. HP: 20/20 MP: 1/5
   681 | D:1      | Reached skill level 1 in Fighting
   815 | D:2      | Slain by an adder

Illustrated notes

Levels and vault maps discovered:
D:1:      erik_arrival_blinker_ship, layout_loops_ring
D:2:      layout_loops_ring, serial_shops, shop,
          hellmonk_ecumenical_altar_zigzags, minmay_cut_off

Skill      XL: |  1  2 |
---------------+-------+-----
Fighting       | 1 |  1.3
Dodging        | |  2.6
Stealth        | |  2.1
Spellcasting   | |  2.3
Ice Magic      | |  4.7

Action                     || total
---------------------------++-------
  Melee: Dagger            ||    13
   Cast: Freeze            ||    15
    Use: Potion            ||     1
 Armour: Robe              ||     7
  Dodge: Dodged            ||    17
